 Dungeon Crawl Stone Soup version 0.19-a0-1920-g83281cb (webtiles) character file.

670 oplop the Sneak (level 7, -1/32 HPs)
             Began as a Vine Stalker Enchanter on Oct 23, 2016.
             Slain by Grinder (7 damage)
             ... in a sewer.
             The game lasted 00:11:57 (3257 turns).

oplop the Sneak (Vine Stalker Enchanter)            Turns: 3257, Time: 00:11:58

Health: -1/32      AC:  5    Str: 10    XL:     7   Next: 58%
Magic:  0/15       EV: 12    Int: 16    God:
Gold:   178        SH:  0    Dex: 16    Spells: 5 memorised, 4 levels left

rFire  . . .     SeeInvis .     z - +2 dagger (venom)
rCold  . . .     Gourm    .     b - +1 robe
rNeg   . . .     Faith    .     (no shield)
rPois  .         Spirit   +     C - +1 helmet
rElec  .         Reflect  .     (no cloak)
rCorr  .         Harm     +     (no gloves)
MR     .....                    (no boots)
Stlth  +++.......               j - amulet of harm
                                (no ring)
                                (no ring)

@: about to teleport, flying, very slightly contaminated, invisible
A: fangs 2, regeneration 1, magic shield, antimagic bite, no device heal 3, rot
immunity
a: no special abilities


You were in a sewer.
You were very hungry.

You visited 1 branch of the dungeon, and saw 4 of its levels.
You also visited: Sewer.

You collected 178 gold pieces.

Inventory:

Hand Weapons
 a - a +3 dagger
 z - a +2 dagger of venom (weapon)
Missiles
 m - 11 poisoned needles
 v - a throwing net (quivered)
Armour
 b - a +1 robe (worn)
 C - a +1 helmet (worn)
Jewellery
 j - an amulet of harm (around neck)
Wands
 k - a wand of paralysis (16/24)
 o - a wand of flame (19/48)
Scrolls
 f - 3 scrolls of amnesia
 r - 3 scrolls of identify
 x - 2 scrolls of remove curse
Potions
 e - a potion of berserk rage
 h - a potion of brilliance {unknown}
 i - a potion of agility {unknown}
 l - 2 potions of flight
 n - a potion of heal wounds {unknown}
 p - a potion of lignification {unknown}
 q - 3 potions of curing
 s - 2 potions of ambrosia {unknown}
 t - a potion of degeneration {unknown}
 u - a potion of haste {unknown}
 B - a potion of cancellation {unknown}
Books
 c - a book of Maledictions

   Spells                             Type                      Level
   a - Corona                         Hexes                        1
   b - Ensorcelled Hibernation        Hexes/Ice                    2
   c - Confuse                        Hexes                        3
   d - Tukima's Dance                 Hexes                        3
   e - Dazzling Spray                 Conjuration/Hexes            3
Comestibles
 d - 4 bread rations


   Skills:
 + Level 3.1 Short Blades
 - Level 1.5 Dodging
 + Level 5.7 Stealth
 * Level 5.0 Spellcasting
 * Level 5.3 Hexes


You had 4 spell levels left.
You knew the following spells:

 Your Spells              Type           Power        Failure   Level  Hunger
a - Corona                Hex            ###....      1%          1    None
b - Ensorcelled Hibernat  Hex/Ice        ##....       10%         2    #......
c - Confuse               Hex            ###.....     6%          3    ###....
d - Tukima's Dance        Hex            ###.....     6%          3    ###....
e - Dazzling Spray        Conj/Hex       ##....       17%         3    ###....


Dungeon Overview and Level Annotations

Branches:
Dungeon (4/15)
 Temple: D:4-7

Altars:
Gozag
Nemelex Xobeh

Annotations:
Sewer Grinder


Innate Abilities, Weirdness & Mutations

You have extremely sharp teeth.
Your natural rate of healing is unusually fast.
When hurt, damage is shared between your health and your magic reserves.
Your bite disrupts and absorbs the magic of your enemies.
Potions and wands cannot restore your health.
You are immune to rotting.


Message History

You impale the kobold!!
You kill the kobold!
Casting: Confuse
Confirm with . or Enter, or press ? or * to list all spells.
You don't have enough magic to cast that spell.
It was a potion of flight.
You feel very buoyant.
You fly up into the air.
Grinder gestures at you. Pain shoots through your body!
* * * LOW HITPOINT WARNING * * *
As you read the scroll labeled OCAVAF LAUTY, it crumbles to dust.
You assume a fearsome visage.
Grinder is unaffected.
The kobold looks frightened!
The ooze looks frightened!
It was a scroll of fear.
Grinder gestures at you. You resist with some effort.
As you read the scroll of teleportation, it crumbles to dust.
You feel strangely unstable. Grinder hits you!
You die...

≈≈.#(.....#≈≈≈#......
≈.(.≈≈≈≈≈≈)....≈≈≈.≈≈
≈..#≈≈≈≈≈≈#...#≈≈≈≈≈≈
############'########
#######...#######
###.§.##..§..##...###
###..§≈)(.......'.≈..!###
#∩....§§'.§._.§.'.§..)!∩#
###...≈.'..(....@5≈..K#
###...##.§.§.##).J###
#######...####### ##'''##
#.....# #(≈≈≈.# #.....#
##)..## #...#


You could see Grinder, an ooze (fleeing) and a kobold (fleeing).

Vanquished Creatures
  2 big kobolds (Sewer)
  A quasit (Sewer)
  2 worker ants (D:4)
  Natasha (thrice) (D:3)
  An orc wizard (D:3)
  4 big kobold zombies (Sewer)
  Robin (D:4)
  7 adders
  2 river rats (D:4)
  3 shadow imps (Sewer)
  An ufetubus (Sewer)
  4 oozes (Sewer)
  An adder zombie (Sewer)
  5 dart slugs
  5 leopard geckos
  9 orcs
  10 bats
  3 giant cockroaches
  15 hobgoblins
  2 jackals (D:2)
  23 kobolds
  2 quokkas
  2 ball pythons (D:4)
  6 frilled lizards
  A giant cockroach zombie (Sewer)
  17 goblins
  2 kobold zombies (Sewer)
  8 rats
142 creatures vanquished.

Vanquished Creatures (collateral kills)
  A rat (D:2)
1 creature vanquished.

Vanquished Creatures (others)
  2 kobold zombies (Sewer)
2 creatures vanquished.

Grand Total: 145 creatures vanquished

Notes
Turn   | Place    | Note
-------+----------+-------------------------------------------
     0 | D:1      | oplop the Vine Stalker Enchanter began the quest for the Orb.
     0 | D:1      | Reached XP level 1. HP: 9/9 MP: 4/4
     8 | D:1      | Reached skill level 1 in Short Blades
   166 | D:1      | Reached XP level 2. HP: 13/13 MP: 6/6
   644 | D:1      | Reached XP level 3. HP: 13/16 MP: 8/8
   649 | D:1      | Learned a level 3 spell: Confuse
   653 | D:1      | Learned a level 3 spell: Tukima's Dance
  1365 | D:2      | Found a faded altar of an unknown god.
  1480 | D:2      | Gained mutation: Your natural rate of healing is unusually fast. [Vine Stalker growth]
  1480 | D:2      | Reached XP level 4. HP: 12/21 MP: 4/9
  1689 | D:2      | Found a sparkling altar of Nemelex Xobeh.
  1690 | D:2      | Found an opulent altar of Gozag.
  1716 | D:2      | Learned a level 2 spell: Ensorcelled Hibernation
  1789 | D:3      | Noticed Natasha
  1796 | D:3      | Killed Natasha
  1846 | D:3      | Reached XP level 5. HP: 22/24 MP: 8/11
  1981 | D:3      | Noticed Natasha
  1999 | D:3      | Killed Natasha
  2258 | D:3      | Noticed Natasha
  2281 | D:3      | Killed Natasha
  2441 | D:3      | Reached XP level 6. HP: 13/28 MP: 7/12
  2630 | D:4      | Noticed Robin
  2662 | D:4      | Reached skill level 5 in Stealth
  2677 | D:4      | Killed Robin
  2840 | D:4      | Found a glowing drain.
  2877 | D:4      | Learned a level 3 spell: Dazzling Spray
  2878 | Sewer    | Entered a sewer
  2991 | Sewer    | Reached XP level 7. HP: 27/32 MP: 11/14
  3036 | Sewer    | Reached skill level 5 in Hexes
  3058 | Sewer    | Found a burning altar of Makhleb.
  3224 | Sewer    | Reached skill level 5 in Spellcasting
  3243 | Sewer    | Noticed Grinder
  3257 | Sewer    | Slain by Grinder

Vault maps used:
D:1:      dpeg_arrival_subterranean_lakeside_camping, minmay_misc_feat_enclosed
D:2:      grunt_temple_overflow_opulence, ecumenical_altar_2
D:3:      uniq_natasha
D:4:      first_bread, portal_sewer_entry_b, uniq_robin
Sewer:    kennysheep_sewer_church

Skill      XL: |  1  2  3  4  5  6  7 |
---------------+----------------------+-----
Short Blades   | 1 2 3 |  3.1
Stealth        | 4 5 |  5.7
Spellcasting   | 3 4 5 |  5.0
Hexes          | 4 5 |  5.3
Dodging        | |  1.5

Action                   |  1- 3 |  4- 6 |  7- 9 || total
-------------------------+-------+-------+-------++-------
Melee: Dagger            |   126 |   237 |   117 ||   480
       Bite              |    27 |    56 |    44 ||   127
 Cast: Corona            |     8 |       |       ||     8
       Confuse           |     5 |    11 |     6 ||    22
       Tukima's Dance    |     1 |     1 |       ||     2
       Ensorcelled Hiber |       |    15 |     2 ||    17
  Use: Potion            |       |     1 |     2 ||     3
       Scroll            |       |     5 |     2 ||     7
 Stab: Sleeping          |     9 |    15 |     2 ||    26
       Confused          |     1 |     2 |       ||     3
       Invisible         |       |       |     1 ||     1
  Eat: Chunk             |     3 |     6 |       ||     9
       Pizza             |       |       |     1 ||     1
Armor: Robe              |    22 |    66 |    30 ||   118
Dodge: Dodged            |    76 |   138 |    77 ||   291
